 Dungeon Crawl Stone Soup version 0.31-a0-833-gc15d34cb79 (webtiles) character file.

Game seed: 6956547826282216565

519288 Kurtz the Peltast (level 25, -11/191 HPs)
             Began as an Octopode Fighter on Sept 25, 2023.
             Was a High Priest of Okawaru.
             Killed from afar by a war gargoyle (47 damage)
             ... with a spray of metal splinters
             ... led by a peacekeeper
             ... on level 3 of the Vaults.
             The game lasted 02:55:17 (62658 turns).

Kurtz the Peltast (Octopode Fighter)               Turns: 62658, Time: 02:55:21

Health: -11/191    AC: 10    Str: 21    XL:     25   Next: 24%
Magic:  35/37      EV: 39    Int: 15    God:    Okawaru [*****.]
Gold:   4253       SH: 21    Dex: 24    Spells: 18/44 levels left

rFire   + . .        w - +9 broad axe (flame)
rCold   + + .        C - +0 kite shield {reflect}
rNeg    + + .        I - +3 crown of Dyrovepreva {rElec Int+2 SInv}
rPois   +            M - amulet of regeneration
rElec   +            f - +4 ring of protection
rCorr   +            q - ring of Natunlan {rPois rCorr Str+4}
SInv    +            i - ring of protection from fire
Will    +++..        B - ring "Juzxu Fengai" {rElec rN+ Dex+3}
Stlth   ++++++++     P - ring "Plog" {Fly rC+ Dex+6}
HPRegen 1.31/turn    p - ring of Day {rPois rN+ Will++ EV+5 Dex-4}
MPRegen 0.25/turn    V - ring of the Octopus King {rC+ HP+2 AC+2 EV+2 SH+2}
                     m - +4 ring of slaying

%: reflection
@: heroic, wereblooded, flying, studying 2 skills
A: almost no armour, amphibious, 8 rings, camouflage 1, gelatinous body 1,
(nimble swimmer 1), tentacles
}: 3/15 runes: barnacled, silver, gossamer
a: Renounce Religion, Heroism, Finesse, Duel


You were on level 3 of the Vaults.
You worshipped Okawaru.
Okawaru was extremely pleased with you.
You visited 8 branches of the dungeon, and saw 41 of its levels.
You visited the Abyss 1 time.
You visited 2 bazaars.
You also visited: Gauntlet and Ice Cave.

You collected 10151 gold pieces.
You spent 5898 gold pieces at shops.

Inventory:

Hand Weapons
 w - a +9 broad axe of flaming (weapon)
 G - the +7 sceptre of Torment {pain, torment}
   (You took it off a tengu reaver on level 5 of the Vaults)
 L - a +7 vampiric broad axe
Missiles
 b - 5 throwing nets
 l - 6 curare-tipped darts
 X - 37 silver javelins (quivered)
Armour
 C - a +0 kite shield of reflection (worn)
 I - the +3 crown of Dyrovepreva (worn) {rElec Int+2 SInv}
   (Okawaru gifted it to you in an ice cave)

   Int+2:     It affects your intelligence (+2).
   rElec:     It insulates you from electricity.
   SInv:      It lets you see invisible.
Jewellery
 a - a +4 ring of protection
 f - a +4 ring of protection (left tentacle)
 i - a ring of protection from fire (on tentacle)
 m - a +4 ring of slaying (on tentacle)
 n - a ring of willpower
 p - the ring of Day (on tentacle) {rPois rN+ Will++ EV+5 Dex-4}
   (You took it off a deep elf master archer on level 3 of the Elven Halls)

   [ring of evasion]

   EV+5:      It affects your evasion (+5).
   Dex-4:     It affects your dexterity (-4).
   rPois:     It protects you from poison rN+: It protects you from negative
   energy.
   Will++:    It greatly increases your willpower.
 q - the ring of Natunlan (right tentacle) {rPois rCorr Str+4}
   (You found it on level 1 of the Shoals)

   [ring of poison resistance]

   Str+4:     It affects your strength (+4).
   rPois:     It protects you from poison rCorr: It protects you from acid and
   corrosion.
 B - the ring "Juzxu Fengai" (on tentacle) {rElec rN+ Dex+3}
   (You found it in a Gauntlet)

   [ring of positive energy]

   Dex+3:     It affects your dexterity (+3).
   rElec:     It insulates you from electricity.
   rN+:       It protects you from negative energy.
 K - a ring of protection from fire
 M - an amulet of regeneration (around mantle)
 P - the ring "Plog" (on tentacle) {Fly rC+ Dex+6}
   (You found it in a Gauntlet)

   [ring of dexterity]

   Dex+6:     It affects your dexterity (+6).
   rC+:       It protects you from cold.
   Fly:       It grants you flight.
 V - a ring of the Octopus King (on tentacle) {rC+ HP+2 AC+2 EV+2 SH+2}
   (You found it on level 5 of the Lair of Beasts)

   [ring of protection from cold]

   AC+2:      It affects your AC (+2).
   EV+2:      It affects your evasion (+2).
   rC+:       It protects you from cold.
   HP+2:      It affects your health (+2).
   SH+2:      It affects your SH (+2).
 Y - a +6 ring of intelligence
Wands
 d - a wand of flame (85)
 g - a wand of digging (26)
 v - a wand of iceblast (30)
 y - a wand of quicksilver (19)
 H - a wand of paralysis (20)
 R - a wand of mindburst (21)
Scrolls
 h - 8 scrolls of poison
 k - 5 scrolls of blinking
 o - 17 scrolls of teleportation
 u - 8 scrolls of fear
 z - a scroll of silence
 J - 7 scrolls of enchant armour
 O - 7 scrolls of fog
 S - 4 scrolls of revelation
 T - 2 scrolls of immolation
Potions
 c - 14 potions of might
 e - a potion of heal wounds
 j - 3 potions of resistance
 r - 7 potions of lignification
 t - 10 potions of brilliance
 x - 9 potions of enlightenment
 D - 20 potions of curing
 E - 3 potions of invisibility
 F - 2 potions of cancellation
 N - 8 potions of haste
 Q - 4 potions of berserk rage
 U - 7 potions of ambrosia
 Z - 2 potions of magic
Miscellaneous
 s - a phantom mirror
 A - a lightning rod (4/4)
 W - a phial of floods


   Skills:
 * Level 19.8(24.8) Fighting
 - Level 18.0(23.0) Axes
 * Level 14.1(19.1) Throwing
 * Level 15.8(20.8) Dodging
 + Level 11.1(16.1) Stealth
 * Level 19.8(24.8) Shields
 * Level 10.0 Spellcasting
 * Level 11.3 Necromancy
 * Level 5.2 Translocations
 * Level 6.5 Transmutations
 * Level 4.4 Ice Magic
 * Level 7.4 Earth Magic
 * Level 16.0 Invocations
 * Level 7.3 Evocations


You had 18 spell levels left.
You knew the following spells:

 Your Spells              Type           Power      Damage    Failure   Level
a - Frozen Ramparts       Ice            40%        1d7       4%          3
b - Dispel Undead         Necr           41%        3d16      1%          4
c - Borgnjor's Vile Clut  Necr/Erth      17%        N/A       6%          5
d - Wereblood             Tmut           27%        N/A       1%          2
e - Passage of Golubria   Tloc           23%        N/A       12%         4
f - Ozocubu's Armour      Ice            20%        N/A       4%          3
g - Agony                 Necr           41%        N/A       2%          5

Your spell library contained the following spells:

 Spells                   Type           Power      Damage    Failure   Level
 Kiss of Death            Conj/Necr      96%        2d12      1%          1
 Blink                    Tloc           46%        N/A       1%          2
 Lesser Beckoning         Tloc           46%        N/A       1%          2
 Passwall                 Tmut/Erth      23%        N/A       1%          2
 Sublimation of Blood     Necr           41%        N/A       1%          2
 Vampiric Draining        Necr           41%        2d8       1%          3
 Sting                    Tmut/Pois      68%        1d6       2%          1
 Cigotuvi's Dreadful Rot  Necr/Pois/Air  36%        N/A       3%          2
 Momentum Strike          Conj/Tloc      30%        3d8       5%          2
 Ensorcelled Hibernation  Hex/Ice        28%        N/A       6%          2
 Petrify                  Tmut/Erth      28%        N/A       6%          4
 Anguish                  Hex/Necr       12%        N/A       10%         4
 Shock                    Conj/Air       28%        1d4       11%         1
 Slow                     Hex            28%        N/A       11%         1
 Volatile Blastmotes      Fire/Tloc      30%        2d12      11%         3
 Hailstorm                Conj/Ice       14%        3d5       13%         3
 Ignite Poison            Fire/Tmut/Pois 14%        N/A       13%         3
 Lee's Rapid Deconstruct  Erth           14%        3d9*      14%         5
 Poisonous Vapours        Pois/Air       14%        N/A       16%         2
 Scorch                   Fire           14%        2d5       16%         2
 Searing Ray              Conj           14%        2d5       16%         2
 Static Discharge         Conj/Air       14%        2-3/arc   16%         2
 Leda's Liquefaction      Hex/Erth       9%         N/A       22%         4
 Confusing Touch          Hex            7%         N/A       30%         3
 Dazzling Flash           Conj/Hex       14%        N/A       30%         3
 Inner Flame              Hex/Fire       7%         N/A       30%         3
 Sigil of Binding         Hex            7%         N/A       30%         3
 Swiftness                Air            7%         N/A       30%         3
 Dimensional Bullseye     Hex/Tloc       7%         N/A       34%         4
 Iskenderun's Mystic Bla  Conj/Tloc      15%        2d5       34%         4
 Alistair's Intoxication  Tmut/Pois      11%        N/A       58%         5
 Airstrike                Air            3%         2d(1-17)  71%         4
 Cause Fear               Hex            3%         N/A       71%         4
 Flame Wave               Conj/Fire      7%         2d5       71%         4
 Olgreb's Toxic Radiance  Pois           7%         N/A       71%         4
 Sticky Flame             Conj/Fire      7%         2d3       71%         4
 Metabolic Englaciation   Hex/Ice        7%         N/A       75%         5
 Freezing Cloud           Conj/Ice/Air   5%         6-21      85%         5
 Iskenderun's Battlesphe  Conj           7%         2d6       96%         5
 Silence                  Hex/Air        3%         N/A       96%         5
 Bombard                  Conj/Erth      9%         9d2       98%         6
 Eringya's Noxious Bog    Tmut/Pois      8%         4d6       99%         6
 Starburst                Conj/Fire      3%         6d3       100%        6
 Enfeeble                 Hex            3%         N/A       100%        7
 Borgnjor's Revivificati  Necr           20%        N/A       100%        8
 Discord                  Hex            3%         N/A       100%        8
 Ignition                 Fire           3%         3d4       100%        8
 Lehudib's Crystal Spear  Conj/Erth      9%         10d4      100%        8
 Maxwell's Capacitive Co  Air            3%         ∞         100%        8
 Polar Vortex             Ice            10%        12d1*     100%        9
 Animate Dead             Necr           Unusable   N/A       N/A         4
 Death Channel            Necr           Unusable   N/A       N/A         6
 Animate Armour           Summ/Erth      Unusable   N/A       N/A         4
 Call Canine Familiar     Summ           Unusable   N/A       N/A         3
 Tukima's Dance           Hex            Unusable   N/A       N/A         3
 Simulacrum               Ice/Necr       Unusable   N/A       N/A         6
 Summon Lightning Spire   Summ/Air       Unusable   N/A       N/A         4
 Summon Cactus Giant      Summ           Unusable   N/A       N/A         6
 Haunt                    Necr/Summ      Unusable   N/A       N/A         7
 Spellforged Servitor     Conj/Summ      Unusable   N/A       N/A         7
 Summon Hydra             Summ           Unusable   N/A       N/A         7
 Infestation              Necr           Unusable   N/A       N/A         8

Dungeon Overview and Level Annotations

Branches:
Dungeon (15/15)            Temple (0/1) D:7            Lair (5/5) D:10
 Shoals (4/4) Lair:3       Spider (4/4) Lair:2        Slime (0/5) Lair:4
    Orc (2/2) D:10            Elf (3/3) Orc:2        Vaults (5/5) D:13
  Crypt (3/3) Vaults:3       Tomb (0/3) Crypt:3      Depths (0/4) D:15
  IceCv (visited)         Gauntlet (visited)

Altars:
Hepliaklqana
Kikubaaqudgha
Okawaru
Qazlal
Ru
Uskayaw
Vehumet
Xom
Yredelemnul
Lugonu

Shops:
D:5 =(   D:6 :   D:9 :   D:13 [   D:15 *   Orc:1 *??   Orc:2 **(**(:   Elf:1 (
Elf:3 ?   Shoals:1 *   Shoals:2 [   Vaults:4 [

Portals:
Abyss: Lair:5

Annotations:
D:2 exclusion: downstairs
D:9 exclusion: downstairs
D:12 exclusion: downstairs
D:13 exclusions: door and downstairs
D:14 36 runed doors, exclusions: 3 doors and hydra
Spider:4 exclusion: 3 doors
Elf:2 3 runed translucent doors, 2 exclusions, bakla's ghost, adept DgHu
Elf:3 1 exclusion


Innate Abilities, Weirdness & Mutations

You cannot wear most types of armour.
You are amphibious.
You can wear up to eight rings at the same time.
Your skin changes colour to match your surroundings (Stealth+).
Your rubbery body absorbs attacks. (AC +1, EV +1)
((You are camouflaged when in or above water. (Stealth+)))
You have tentacles for arms and can constrict up to eight enemies at once.


Message History

You kill the ironbound convoker!
Okawaru accepts your kill.
You hit the war gargoyle. You slash the peacekeeper! You burn the peacekeeper.
You constrict the war gargoyle, but do no damage.
The peacekeeper completely misses you. You block the peacekeeper's attack.
The war gargoyle struggles to escape constriction.
You hit the peacekeeper but do no damage.
You grab the peacekeeper.
The peacekeeper is heavily damaged.
You slash the war gargoyle! You burn the war gargoyle.
You constrict the peacekeeper, but do no damage.
You constrict the war gargoyle, but do no damage.
The peacekeeper misses you. The peacekeeper completely misses you.
The war gargoyle launches metal splinters at you.
The spray of metal splinters hits you!!!
You slice the peacekeeper!! You burn the peacekeeper.
You feel a bit better.
You destroy the peacekeeper!
Okawaru accepts your kill.
You hit the war gargoyle but do no damage.
You constrict the war gargoyle.
The war gargoyle launches metal splinters at you.
The spray of metal splinters hits you!!!
The war gargoyle launches metal splinters at you.
The spray of metal splinters hits you!!!
* * * LOW HITPOINT WARNING * * *
You are too injured to fight recklessly!
You are too injured to fight recklessly!
Unknown command.
Casting: Wereblood (safe; 1% risk of failure)
Confirm with . or Enter, or press ? or * to list all spells.
Okay, then.
You gain the combat prowess of a mighty hero.
You constrict the war gargoyle. The war gargoyle completely misses you.
You hit the war gargoyle.
The war gargoyle is heavily damaged.
You slash the war gargoyle! You burn the war gargoyle.
You constrict the war gargoyle.
The war gargoyle launches metal splinters at you.
The spray of metal splinters hits you!!!
You die...

........# ........#
#.......... ........#
#.......... ........#
#.......... ........#
#.......... ........#
#.......... ........#
#.......... ..#.#.#.#
#..)9...... ..#.#.#.#
#..@9......
###############'########
.....................?.
.......................
.......................
.......................
..........#############
.##########...........#
.#........#...........#


You could see 2 war gargoyles.

Vanquished Creatures
  4 dread liches
  An ancient lich (Crypt:3)
  Saint Roka (Vaults:5)
  Margery (Vaults:4)
  2 golden dragons (Vaults:5)
  Nikola (Shoals:1)
  2 bone dragons
  Norris (Vaults:4)
  Arachne (Spider:4)
  6 tentacled monstrosities (Vaults:5)
  Mlioglotl (Spider:2)
  Jorgrun (Spider:3)
  A deep elf blademaster (Elf:3)
  A deep elf master archer (Elf:3)
  2 liches (Crypt:3)
  9 sphinxes
  5 titans (Vaults:5)
  2 quicksilver dragons (Vaults:5)
  An ancient champion (Crypt:1)
  A kraken (Shoals:2)
  Polyphemus (Shoals:4)
  Frances (Shoals:1)
  Kirke (Shoals:1)
  A thorn hunter (D:13)
  4 shadow dragons (Vaults:5)
  2 revenants (Crypt:1)
  Ilsuiw (Shoals:2)
  2 tengu reavers
  Donald (Shoals:2)
  Roxanne (Shoals:3)
  2 storm dragons (Vaults:5)
  3 fire giants (Vaults:5)
  5 deep elf elementalists (Elf:3)
  19 vault wardens
  3 emperor scorpions
  3 deep elf sorcerers (Elf:3)
  5 frost giants
  6 ghost moths
  A juggernaut zombie (Crypt:2)
  2 curse skulls
  4 broodmothers
  9 ghouls (Crypt:2)
  2 very ugly things (Vaults:5)
  An orc warlord (Vaults:2)
  6 war gargoyles
  3 formless jellyfish
  A juggernaut skeleton (Crypt:1)
  9 deep elf demonologists
  5 ironbound thunderhulks
  4 stone giants
  16 ironbound preservers
  12 deep elf annihilators
  4 vampire knights
  A minotaur (Gauntlet)
  Azrael (D:15)
  20 dire elephants
  4 starcursed masses (Abyss:2)
  2 spark wasps
  4 eidola
  Snorg (D:11)
  5 ettins
  4 jiangshi (Crypt:2)
  6 merfolk javelineers
  6 deep elf death magi
  8 merfolk impalers
  8 entropy weavers
  4 great orbs of eyes
  Josephine (D:11)
  14 yaktaur captains
  A spriggan zombie (Crypt:3)
  33 vault guards
  A rakshasa (D:14)
  6 deep elf high priests
  A quicksilver dragon skeleton (Crypt:2)
  The ghost of jejorda2 the Fighter, a journeyman GnBe of Trog (D:10)
  The ghost of Jingleheimer the Martial Artist, a journeyman DsSh of Okawaru (D:10)
  7 hydras
  2 peacekeepers
  9 merfolk aquamancers
  Erica (D:11)
  2 death knights
  6 spriggan skeletons
  4 jorogumos
  10 ironbound frosthearts
  3 catoblepae
  32 dancing weapons
  4 satyrs
  8 ogre magi
  2 alligator snapping turtles
  3 radroaches
  4 centaur warriors
  12 death yaks
  3 boulder beetles
  3 thrashing horrors
  11 two-headed ogres
  A fenstrider witch skeleton (Crypt:1)
  2 tengu warriors
  7 orc high priests (Orc:2)
  An emperor scorpion zombie (Crypt:3)
  22 deep elf knights
  A titan zombie (Crypt:3)
  5 vampire magi
  The ghost of DocEon the Basher, a novice DrCj of Okawaru (D:10)
  A sun demon (Abyss:2)
  18 hell knights
  7 demonic crawlers
  A soul eater (Crypt:1)
  A wretched star (Abyss:2)
  Sonja (Lair:5)
  A titan skeleton (Crypt:3)
  9 skysharks
  9 pharaoh ants
  2 shadow wraiths (Crypt:2)
  A fire crab (shapeshifter) (D:14)
  A fire crab (Lair:5)
  A storm dragon skeleton (Crypt:1)
  60 skeletal warriors
  5 sun moths
  Lodul (D:10)
  2 flayed ghosts
  A death drake (Gauntlet)
  2 bog bodies (Crypt:2)
  11 sea snakes
  12 ironbound convokers
  A phantasmal warrior (Vaults:5)
  A golden dragon skeleton (D:15)
  20 deep trolls
  12 deep elf archers
  2 glowing orange brains
  8 steelbarb worms
  3 wizards (Vaults:2)
  Pikel (D:6)
  26 deep elf pyromancers
  8 orc knights
  13 orb spiders
  8 necromancers
  4 anaconda skeletons
  2 bunyip skeletons
  8 lindwurms (Vaults:1)
  35 wolf spiders
  40 deep elf zephyrmancers
  20 harpies
  An iron dragon zombie (Crypt:2)
  11 fauns
  6 orc sorcerers
  A faun (shapeshifter) (Elf:3)
  14 ugly things
  A stone giant zombie (Crypt:2)
  8 large abominations
  4 moths of wrath
  6 cyclopes
  12 elephants
  Maurice (D:9)
  A fire giant skeleton (D:15)
  2 centaur zombies (Gauntlet)
  9 water nymphs
  13 merfolk sirens
  14 manticores
  An apocalypse crab (Abyss:2)
  14 vault sentinels
  3 stone giant skeletons
  A frost giant skeleton (D:15)
  2 ice statues (IceCv)
  A minotaur zombie (Gauntlet)
  5 smoke demons
  A draconian skeleton (Crypt:1)
  6 black mambas
  4 centaur skeletons (Crypt:1)
  A naga zombie (Crypt:2)
  3 unseen horrors
  18 cane toads
  6 gargoyles
  7 torpor snails
  A pale draconian zombie (Crypt:2)
  4 efreet
  4 freezing wraiths
  37 yaktaurs
  A yaktaur (shapeshifter) (Elf:1)
  3 rime drakes
  An alligator snapping turtle skeleton (Crypt:1)
  6 komodo dragons
  An unseen horror (shapeshifter) (Vaults:5)
  An ancient zyme (Abyss:2)
  2 guardian mummies (D:15)
  A tengu conjurer (D:13)
  6 trolls
  A white draconian skeleton (Crypt:1)
  5 red devils (Crypt:3)
  A queen bee (Lair:3)
  A polar bear (Lair:2)
  34 merfolk
  A meliai (shapeshifter) (Vaults:5)
  2 meliai (Spider:4)
  6 wind drakes
  A harpy zombie (Crypt:2)
  A tarantella zombie (Crypt:2)
  2 death drake skeletons (Crypt:2)
  An ettin zombie (D:15)
  A tarantella (shapeshifter) (Elf:1)
  6 raiju
  13 snapping turtles
  24 tarantellas
  17 blink frogs
  A hydra skeleton (Crypt:1)
  8 dream sheep (Shoals:3)
  3 hornets
  3 harpy skeletons (Crypt:1)
  An air elemental (Elf:1)
  A fire dragon skeleton (Crypt:1)
  17 flying skulls (Crypt:1)
  22 slime creatures
  An ettin skeleton (Crypt:3)
  A centaur simulacrum (Crypt:2)
  A spriggan (Lair:5)
  39 jumping spiders
  5 shadows
  2 ynoxinuls (Lair:5)
  Sigmund (D:3)
  24 culicivoras
  17 water elementals
  49 yaks
  2 ushabtiu (Crypt:3)
  7 fire elementals
  4 humans
  15 wraiths
  A vampire (D:9)
  4 hogs (Shoals:1)
  4 fire bats (D:12)
  Grum (D:11)
  15 basilisks
  A naga simulacrum (Crypt:2)
  3 steam dragons
  A yak (shapeshifter) (D:13)
  2 black mamba skeletons
  9 wyverns
  53 redbacks
  A death yak simulacrum (IceCv)
  3 vampire mosquitoes (D:14)
  3 chaos spawn
  12 wargs
  A swamp worm (shapeshifter) (Vaults:2)
  Edmund (D:5)
  An acid dragon (D:9)
  15 water moccasins
  4 hell hounds
  7 naga skeletons
  An ice beast (D:7)
  23 orc warriors
  A sky beast (D:6)
  3 black bears
  22 ogres
  10 wolves
  3 centaurs
  4 phantoms
  10 bullfrogs
  A gnoll sergeant (D:5)
  4 necrophages (Crypt:2)
  4 scorpions (Lair:2)
  12 small abominations (Lair:5)
  A cane toad simulacrum (IceCv)
  A scorpion (shapeshifter) (Vaults:5)
  4 earth elementals
  3 wights (D:8)
  32 killer bees
  4 troll zombies (D:10)
  An elephant simulacrum (Lair:5)
  2 warg skeletons (Crypt:2)
  7 electric eels
  2 jellies (D:6)
  2 lava snakes (D:12)
  An iron imp (Abyss:2)
  A wolf skeleton (Crypt:1)
  7 hounds
  32 orc priests
  2 human zombies (Crypt:1)
  2 gnoll boudas (D:9)
  Terence (D:3)
  A human skeleton (Crypt:1)
  6 iguanas
  A boggart zombie (Gauntlet)
  18 orc wizards
  A deep dwarf zombie (Crypt:1)
  4 ogre zombies (D:10)
  16 mummies
  Robin (D:3)
  17 gnolls
  6 adders
  2 ufetubi
  A lava snake zombie (Crypt:2)
  An iguana skeleton (Crypt:1)
  7 worms
  2 dart slugs
  91 orcs
  11 ball pythons
  6 bats
  A bat zombie (Crypt:1)
  9 endoplasms
  A giant cockroach (D:3)
  13 goblins
  11 hobgoblins
  5 jackals
  6 kobolds
  3 quokkas
  5 frilled lizards
  A goblin skeleton (D:10)
  4 goblin zombies (D:10)
  A hobgoblin skeleton (D:10)
  2 hobgoblin zombies (D:10)
  3 orc skeletons
  15 orc zombies (D:10)
  6 rats
  4 tentacles (Shoals:2)
2055 creatures vanquished.

Vanquished Creatures (others)
  Aizul (Spider:3)
  A deep elf archer (Elf:2)
  2 deep elf zephyrmancers
  A water elemental (Elf:2)
  A wraith (Crypt:3)
  A basilisk (D:14)
  A warg (Vaults:5)
  An orc warrior (Orc:2)
  An orc priest (Orc:2)
  8 tentacles (Shoals:2)
18 creatures vanquished.

Grand Total: 2073 creatures vanquished

Notes
Turn   | Place    | Note
-------+----------+-------------------------------------------
     0 | D:1      | Kurtz the Octopode Fighter began the quest for the Orb.
     0 | D:1      | Reached XP level 1. HP: 16/16 MP: 1/1
    26 | D:1      | Reached XP level 2. HP: 21/21 MP: 2/2
   203 | D:1      | Reached XP level 3. HP: 26/26 MP: 3/3
   613 | D:1      | Found a faded altar of an unknown god.
   979 | D:2      | Reached XP level 4. HP: 33/33 MP: 4/4
  1719 | D:3      | Noticed Robin
  1804 | D:3      | Noticed Sigmund
  1813 | D:3      | Killed Sigmund
  1814 | D:3      | Reached skill level 5 in Axes
  1814 | D:3      | Reached XP level 5. HP: 28/37 MP: 5/5
  1814 | D:3      | Reached XP level 6. HP: 32/43 MP: 6/6
  1944 | D:3      | Found a hide-covered altar of Uskayaw.
  1945 | D:3      | Found an iron altar of Okawaru.
  1955 | D:3      | Became a worshipper of Warmaster Okawaru
  1996 | D:3      | Noticed Terence
  2001 | D:3      | Killed Terence
  2056 | D:3      | Killed Robin
  2609 | D:4      | Reached skill level 1 in Invocations
  2609 | D:4      | Reached XP level 7. HP: 42/49 MP: 7/7
  3239 | D:5      | Entered Level 5 of the Dungeon
  3243 | D:5      | Reached * piety under Okawaru
  3262 | D:5      | Noticed Edmund
  3267 | D:5      | Killed Edmund
  3539 | D:5      | Found a radiant altar of Vehumet.
  3548 | D:5      | Reached XP level 8. HP: 54/54 MP: 9/9
  3723 | D:5      | Found Opsiaz's Jewellery Emporium.
  4116 | D:5      | Found Dasemum's Weapon Shop.
  4130 | D:5      | Bought 2 throwing nets for 66 gold pieces
  4462 | D:5      | Found a shimmering altar of Xom.
  4854 | D:5      | Reached skill level 5 in Fighting
  4989 | D:6      | Found a stormy altar of Qazlal.
  5319 | D:6      | Reached ** piety under Okawaru
  5452 | D:6      | Found Juprix Hema's Self-Published Books.
  5563 | D:6      | Found a sacrificial altar of Ru.
  5820 | D:6      | Reached XP level 9. HP: 39/61 MP: 11/11
  6232 | D:7      | Noticed Pikel
  6239 | D:6      | Killed Pikel
  6240 | D:6      | Reached skill level 10 in Axes
  6469 | D:7      | Found a staircase to the Ecumenical Temple.
  6717 | D:7      | Noticed a hornet
  7278 | D:8      | Noticed a two-headed ogre
  7294 | D:8      | Killed a two-headed ogre
  7294 | D:8      | Reached *** piety under Okawaru
  7295 | D:8      | Reached XP level 10. HP: 68/68 MP: 13/13
  8076 | D:8      | Reached **** piety under Okawaru
  8077 | D:8      | Reached skill level 5 in Invocations
  8899 | D:7      | Found a hazy altar of Hepliaklqana.
  9043 | D:9      | Reached skill level 5 in Dodging
  9510 | D:9      | Reached skill level 5 in Shields
  9658 | D:9      | Reached XP level 11. HP: 75/75 MP: 14/16
  9677 | D:9      | Found Rinud's Book Boutique.
  9689 | D:9      | Identified the +8 flail of the Endless Xenops {antimagic,
                  | Dex+2}
  9842 | D:9      | Got a moldy book
 10226 | D:9      | Noticed Maurice
 10233 | D:9      | Killed Maurice
 10533 | D:10     | Entered Level 10 of the Dungeon
 10555 | D:10     | Reached ***** piety under Okawaru
 10565 | D:10     | Noticed Lodul
 10628 | D:10     | Found a runed translucent gate.
 10628 | D:10     | Found a runed translucent gate.
 10628 | D:10     | Found a runed translucent gate.
 10631 | D:10     | Noticed DocEon's ghost (novice DrCj)
 10631 | D:10     | Noticed Jingleheimer's ghost (journeyman DsSh)
 10632 | D:10     | Noticed jejorda2's ghost (journeyman GnBe)
 10667 | D:10     | Reached XP level 12. HP: 76/81 MP: 16/18
 10683 | D:10     | Received a gift from Okawaru
 11219 | D:10     | Found a staircase to the Lair.
 11250 | D:10     | Killed Lodul
 11569 | D:10     | Found a staircase to the Orcish Mines.
 11900 | D:11     | Noticed Erica
 11922 | D:11     | Killed Erica
 12215 | D:11     | Noticed Grum
 12224 | D:11     | Killed Grum
 12280 | D:11     | Noticed Josephine
 12287 | D:11     | Killed Josephine
 12305 | D:11     | Noticed Snorg
 12308 | D:11     | Noticed a boulder beetle
 12319 | D:11     | Killed Snorg
 12321 | D:11     | Killed a boulder beetle
 12613 | D:11     | Noticed a two-headed ogre
 12626 | D:11     | Killed a two-headed ogre
 12877 | D:12     | Received a gift from Okawaru
 12878 | D:12     | Reached skill level 15 in Axes
 12959 | D:12     | Noticed a two-headed ogre
 12960 | D:12     | Identified the +5 flail of the Furious {pain, rF+ rC+ rN+
                  | Will+}
 12972 | D:12     | Killed a two-headed ogre
 12973 | D:12     | Reached XP level 13. HP: 89/89 MP: 16/19
 13452 | D:13     | Found Lotis's Armour Shop.
 13803 | D:13     | Noticed a thorn hunter
 13803 | D:13     | Found the +1 robe of Vines {NoPotionHeal Regen++++}
 13813 | D:13     | Killed a thorn hunter
 14947 | D:13     | Noticed a vault guard
 15595 | D:13     | Noticed a vault guard
 15609 | D:13     | Killed a vault guard
 16015 | D:13     | Killed a vault guard
 16015 | D:13     | Received a gift from Okawaru
 16070 | D:13     | Noticed a vault guard
 16264 | D:12     | Killed a vault guard
 16265 | D:12     | Reached skill level 10 in Invocations
 16531 | D:13     | Reached skill level 10 in Shields
 16651 | D:13     | Found a gate to the Vaults.
 16651 | D:13     | Noticed a vault guard
 16655 | D:13     | Noticed a vault guard
 16682 | D:13     | Killed a vault guard
 16727 | D:13     | Killed a vault guard
 16937 | D:14     | Found a huge runed gate.
 16938 | D:14     | Found a huge runed gate.
 16938 | D:14     | Found a huge runed gate.
 16938 | D:14     | Found a huge runed gate.
 16939 | D:14     | Found a huge runed gate.
 16939 | D:14     | Found a huge runed gate.
 16939 | D:14     | Found a huge runed gate.
 16939 | D:14     | Found a huge runed gate.
 16939 | D:14     | Found a huge runed gate.
 16940 | D:14     | Found a huge runed gate.
 16941 | D:14     | Found a huge runed gate.
 16942 | D:14     | Found a huge runed gate.
 16943 | D:14     | Found a huge runed gate.
 16944 | D:14     | Found a huge runed gate.
 16945 | D:14     | Found a huge runed gate.
 16955 | D:14     | Found a huge runed gate.
 16955 | D:14     | Found a huge runed gate.
 16955 | D:14     | Found a huge runed gate.
 16955 | D:14     | Found a huge runed gate.
 16955 | D:14     | Found a huge runed gate.
 16955 | D:14     | Found a huge runed gate.
 16956 | D:14     | Found a huge runed gate.
 16957 | D:14     | Found a huge runed gate.
 16958 | D:14     | Found a huge runed gate.
 16966 | D:14     | Found a huge runed gate.
 16966 | D:14     | Found a huge runed gate.
 16966 | D:14     | Found a huge runed gate.
 16966 | D:14     | Found a huge runed gate.
 16966 | D:14     | Found a huge runed gate.
 16968 | D:14     | Found a huge runed gate.
 16969 | D:14     | Found a huge runed gate.
 16970 | D:14     | Found a huge runed gate.
 16971 | D:14     | Found a huge runed gate.
 16997 | D:14     | Found an iron altar of Okawaru.
 17421 | D:14     | Received a gift from Okawaru
 17422 | D:14     | Reached XP level 14. HP: 97/97 MP: 21/21
 18139 | D:14     | Found a huge runed gate.
 18139 | D:14     | Found a huge runed gate.
 18139 | D:14     | Found a huge runed gate.
 18337 | D:15     | Entered Level 15 of the Dungeon
 18471 | D:15     | Received a gift from Okawaru
 18490 | D:15     | Reached skill level 10 in Fighting
 18649 | Lair:1   | Entered Level 1 of the Lair of Beasts
 18937 | D:5      | Bought a ring of see invisible for 150 gold pieces
 18937 | D:5      | Bought a +5 ring of evasion for 360 gold pieces
 18939 | D:5      | Bought a ring of resist corrosion for 200 gold pieces
 19322 | Lair:1   | Received a gift from Okawaru
 19980 | Lair:2   | Found a gate leading to a gauntlet.
 20079 | Gauntlet | Entered a Gauntlet
 20079 | Gauntlet | Found a transporter.
 20082 | Gauntlet | Found a transporter.
 20085 | Gauntlet | Found a transporter.
 20089 | Gauntlet | Found a transporter.
 20090 | Gauntlet | Found a transporter.
 20099 | Gauntlet | Found a transporter.
 20099 | Gauntlet | Found a transporter.
 20119 | Gauntlet | Found a transporter.
 20136 | Gauntlet | Found a transporter.
 20140 | Gauntlet | Found a transporter.
 20142 | Gauntlet | Found a runed translucent gate.
 20142 | Gauntlet | Found a runed translucent gate.
 20142 | Gauntlet | Found a runed translucent gate.
 20148 | Gauntlet | Found a transporter.
 20169 | Gauntlet | Found a transporter.
 20487 | Gauntlet | Identified the ring "Plog" {Fly rC+ Dex+6}
 20542 | Gauntlet | Identified the ring "Juzxu Fengai" {rElec rN+ Dex+3}
 20601 | Gauntlet | HP: 3/99 [minotaur/+2 broad axe of flaming (2)]
 21056 | Lair:2   | Received a gift from Okawaru
 21171 | Lair:2   | Found a hole to the Spider Nest.
 21757 | Lair:3   | Reached XP level 15. HP: 105/105 MP: 23/23
 22157 | Lair:3   | Received a gift from Okawaru
 23022 | Lair:4   | Received a gift from Okawaru
 23026 | Lair:4   | Found a staircase to the Slime Pits.
 23478 | Lair:5   | Entered Level 5 of the Lair of Beasts
 23507 | Lair:5   | Noticed Sonja
 23520 | Lair:5   | Killed Sonja
 23641 | Lair:5   | Found a frozen archway.
 23653 | IceCv    | Entered an ice cave
 23665 | IceCv    | Reached ****** piety under Okawaru
 23666 | IceCv    | Acquired the +3 crown of Dyrovepreva {rElec Int+2 SInv}
 23666 | IceCv    | Received a gift from Okawaru
 23666 | IceCv    | Found the +3 crown of Dyrovepreva {rElec Int+2 SInv}
 23679 | IceCv    | Found a transporter.
 23705 | IceCv    | Found a transporter.
 24077 | Lair:5   | Received a gift from Okawaru
 24566 | Lair:5   | Reached XP level 16. HP: 114/114 MP: 24/24
 24570 | Lair:5   | Reached skill level 1 in Stealth
 24597 | Lair:5   | Found the ring of the Octopus King
 24598 | Lair:5   | Found a corrupted altar of Lugonu.
 24598 | Lair:5   | Found a one-way gate to the infinite horrors of the Abyss.
 24603 | Lair:5   | Identified a ring of the Octopus King {rC+ HP+2 AC+2 EV+2
                  | SH+2}
 24806 | Lair:4   | Acquired a +2 vampiric broad axe
 24806 | Lair:4   | Received a gift from Okawaru
 25000 | Orc:1    | Entered Level 1 of the Orcish Mines
 25066 | Orc:1    | Found Rinnah's Assorted Antiques.
 25121 | Orc:1    | Bought a scroll of blinking for 172 gold pieces
 25121 | Orc:1    | Bought a potion of resistance for 230 gold pieces
 25121 | Orc:1    | Bought a potion of berserk rage for 115 gold pieces
 25275 | Orc:1    | Found Gagoagg's Magic Scroll Boutique.
 25279 | Orc:1    | Bought a scroll of enchant armour for 112 gold pieces
 25279 | Orc:1    | Bought a scroll of identify for 30 gold pieces
 25279 | Orc:1    | Bought a scroll of identify for 30 gold pieces
 25281 | Orc:1    | Bought a scroll of identify for 30 gold pieces
 25281 | Orc:1    | Bought a scroll of identify for 30 gold pieces
 25282 | Orc:1    | Identified a scroll of acquirement
 25283 | Orc:1    | Acquired 645 gold pieces
 25325 | Orc:1    | Found Lasop's Magic Scroll Shoppe.
 25333 | Orc:1    | Bought a scroll of identify for 24 gold pieces
 25333 | Orc:1    | Bought a scroll of identify for 24 gold pieces
 25481 | Orc:2    | Entered Level 2 of the Orcish Mines
 25481 | Orc:2    | Found Pukytooh's Weapon Boutique.
 25481 | Orc:2    | Found Yboned's Book Emporium.
 25629 | Orc:2    | Reached skill level 10 in Dodging
 25705 | Orc:2    | Received a gift from Okawaru
 25737 | Orc:2    | Found Buih's Weapon Shop.
 25790 | Orc:2    | Found a flickering gateway to a bazaar.
 25803 | Orc:2    | Found Ninidwas's General Store.
 25808 | Orc:2    | Found Eginir's Assorted Antiques.
 25853 | Bazaar   | Entered a bazaar
 25899 | Bazaar   | Found Kuboalum's Book Shoppe.
 25899 | Bazaar   | Found Voel's Weapon Emporium.
 25921 | Bazaar   | Found Sayfog's Jewellery Emporium.
 25937 | Bazaar   | Found Waedgh's Jewellery Shoppe.
 25937 | Bazaar   | Found Oziop's Weapon Emporium.
 26010 | Bazaar   | Bought a book of Decay for 420 gold pieces
 26014 | Bazaar   | Learned a level 3 spell: Frozen Ramparts
 26019 | Bazaar   | Learned a level 4 spell: Dispel Undead
 26025 | Bazaar   | Learned a level 5 spell: Borgnjor's Vile Clutch
 26129 | Orc:2    | Found a staircase to the Elven Halls.
 26160 | Orc:2    | Bought a potion of heal wounds for 125 gold pieces
 26329 | Orc:2    | Found Zeany's General Store.
 26329 | Orc:2    | Found Pepa's General Store.
 26336 | Orc:2    | Bought a wand of digging (5) for 294 gold pieces
 26345 | Orc:2    | Bought a scroll of enchant armour for 90 gold pieces
 26765 | Orc:2    | Bought a potion of haste for 250 gold pieces
 26765 | Orc:2    | Bought a potion of haste for 250 gold pieces
 26810 | Orc:1    | Bought a scroll of teleportation for 36 gold pieces
 26810 | Orc:1    | Bought a scroll of enchant weapon for 90 gold pieces
 26810 | Orc:1    | Bought a scroll of enchant weapon for 90 gold pieces
 26831 | Orc:1    | Bought a scroll of teleportation for 45 gold pieces
 26831 | Orc:1    | Bought a scroll of teleportation for 45 gold pieces
 26854 | Orc:1    | Bought a potion of invisibility for 184 gold pieces
 27319 | Shoals:1 | Entered Level 1 of the Shoals
 27325 | Shoals:1 | Identified the ring of Natunlan {rPois rCorr Str+4}
 27432 | Shoals:1 | Found Suajuw's General Store.
 27432 | Shoals:1 | Noticed Frances
 27597 | Shoals:1 | Killed Frances
 27664 | Shoals:1 | Bought a scroll of enchant weapon for 135 gold pieces
 27731 | Shoals:1 | Reached skill level 1 in Necromancy
 27816 | Shoals:1 | Noticed Nikola
 27828 | Shoals:1 | Killed Nikola
 27828 | Shoals:1 | Received a gift from Okawaru
 27829 | Shoals:1 | Reached skill level 1 in Spellcasting
 27833 | Shoals:1 | Noticed Kirke
 27854 | Shoals:1 | Killed Kirke
 28474 | Shoals:2 | Noticed Donald
 28493 | Shoals:2 | Killed Donald
 28533 | Shoals:2 | Noticed Ilsuiw
 28557 | Shoals:2 | Received a gift from Okawaru
 28804 | Shoals:2 | Killed Ilsuiw
 28805 | Shoals:2 | Reached XP level 17. HP: 65/122 MP: 20/26
 28876 | Shoals:2 | Found Ashruhoiladgh's Armour Shoppe.
 29239 | Shoals:2 | Noticed a kraken
 29258 | Shoals:2 | Killed a kraken
 29403 | Shoals:3 | Noticed Roxanne
 29478 | Shoals:3 | Received a gift from Okawaru
 29486 | Shoals:3 | Reached skill level 5 in Stealth
 29492 | Shoals:3 | Reached skill level 1 in Throwing
 30318 | Shoals:4 | Entered Level 4 of the Shoals
 30364 | Shoals:4 | Received a gift from Okawaru
 30369 | Abyss:2  | Cast into level 2 of the Abyss (merfolk impaler)
 30406 | Abyss:2  | Found a corrupted altar of Lugonu.
 30416 | Abyss:2  | Found a corrupted altar of Lugonu.
 30416 | Abyss:2  | Found a corrupted altar of Lugonu.
 30422 | Abyss:2  | Found a corrupted altar of Lugonu.
 30550 | Abyss:2  | Noticed a bone dragon
 30556 | Abyss:2  | Noticed an Executioner
 30609 | Abyss:2  | Killed a bone dragon
 30613 | Abyss:2  | Paralysed by you for 4 turns
 30631 | Abyss:2  | Found a corrupted altar of Lugonu.
 30710 | Shoals:4 | Escaped the Abyss
 30947 | Shoals:4 | Reached skill level 15 in Shields
 30987 | Shoals:4 | Got a barnacled rune of Zot
 31037 | Shoals:4 | Noticed Polyphemus
 31065 | Shoals:4 | Killed Polyphemus
 31070 | Shoals:4 | Reached XP level 18. HP: 69/131 MP: 22/27
 31384 | Shoals:4 | Received a gift from Okawaru
 31580 | Shoals:4 | Acquired 707 gold pieces
 32074 | Shoals:3 | Killed Roxanne
 32224 | Spider:1 | Entered Level 1 of the Spider Nest
 32420 | Spider:1 | Reached skill level 5 in Necromancy
 32430 | Spider:1 | Received a gift from Okawaru
 33096 | Spider:2 | Noticed Mlioglotl
 33129 | Spider:2 | Killed Mlioglotl
 33368 | Spider:2 | Reached skill level 5 in Spellcasting
 33684 | Spider:3 | Reached skill level 5 in Throwing
 33946 | Spider:3 | Reached skill level 15 in Fighting
 34246 | Spider:3 | Reached XP level 19. HP: 139/139 MP: 29/29
 34248 | Spider:3 | Noticed Aizul
 34268 | Spider:3 | Killed Aizul
 34335 | Spider:3 | Noticed Jorgrun
 34344 | Spider:3 | Killed Jorgrun
 34364 | Spider:3 | Received a gift from Okawaru
 34880 | Spider:4 | Entered Level 4 of the Spider Nest
 35915 | Spider:4 | Acquired 510 gold pieces
 36314 | Spider:4 | Received a gift from Okawaru
 36775 | Spider:4 | Noticed Arachne
 36796 | Spider:4 | Killed Arachne
 37111 | Spider:4 | Got a gossamer rune of Zot
 37135 | Spider:4 | Found the +3 Mad Mage's Maulers {Infuse+∞ VampMP -Cast}
 37572 | D:15     | Found a staircase to the Depths.
 37744 | D:15     | Reached XP level 20. HP: 147/147 MP: 30/30
 37893 | D:15     | Noticed Azrael
 37905 | D:15     | Killed Azrael
 38186 | D:15     | Found Ganafo's Assorted Antiques.
 38191 | D:15     | Bought 2 potions of curing for 246 gold pieces
 38191 | D:15     | Bought a potion of curing for 123 gold pieces
 38191 | D:15     | Bought a scroll of fear for 164 gold pieces
 38775 | D:5      | Bought 2 throwing nets for 66 gold pieces
 38925 | Orc:2    | Bought a potion of heal wounds for 55 gold pieces
 38925 | Orc:2    | Bought 3 potions of curing for 99 gold pieces
 38956 | Orc:2    | Bought a potion of haste for 120 gold pieces
 39009 | Orc:1    | Bought a scroll of teleportation for 69 gold pieces
 39009 | Orc:1    | Bought a scroll of teleportation for 69 gold pieces
 39009 | Orc:1    | Bought a garnet ring for 115 gold pieces
 39045 | Elf:1    | Entered Level 1 of the Elven Halls
 39135 | Elf:1    | Received a gift from Okawaru
 39171 | Elf:1    | Got a vellum book
 39411 | Elf:1    | Found Ripriepp's Weapon Shoppe.
 40058 | Elf:1    | Identified the +2 ring mail "Kypod" {Regen+}
 40150 | Elf:2    | Received a gift from Okawaru
 40722 | Elf:2    | Found a runed translucent gate.
 40722 | Elf:2    | Found a runed translucent gate.
 40722 | Elf:2    | Found a runed translucent gate.
 40723 | Elf:2    | Identified the amulet "Upon" {Spirit rPois Regen+ Dex-3
                  | Stlth+}
 40724 | Elf:2    | Noticed bakla's ghost (adept DgHu)
 41028 | Elf:2    | Found a runed translucent gate.
 41028 | Elf:2    | Found a runed translucent gate.
 41028 | Elf:2    | Found a runed translucent gate.
 41412 | Elf:2    | Received a gift from Okawaru
 41868 | Elf:3    | Entered Level 3 of the Elven Halls
 43043 | Elf:3    | Identified the +2 broad axe "Yvoy" {venom, rC+}
 43455 | Elf:3    | Reached XP level 21. HP: 139/156 MP: 29/31
 44618 | Elf:3    | Received a gift from Okawaru
 45188 | Elf:3    | Identified the +1 leather armour of Nulybujea {Fly rN+
                  | Str+2 Dex-5}
 45218 | Elf:3    | Identified the ring of Sengebo {Ice rPois Str+3 Dex+2
                  | Slay-3}
 45313 | Elf:3    | Reached skill level 10 in Throwing
 45529 | Elf:3    | Identified the ring of Day {rPois rN+ Will++ EV+5 Dex-4}
 45713 | Elf:3    | Reached skill level 1 in Earth Magic
 46169 | Elf:3    | Reached skill level 1 in Evocations
 47065 | Elf:3    | Identified the staff "Zodu" {rElec rC- Str+8 Air}
 47139 | Elf:3    | Got an uncut book
 47191 | Elf:3    | Learned a level 2 spell: Wereblood
 47364 | Elf:3    | Found Zudod's Magic Scroll Shop.
 47367 | Elf:3    | Bought a scroll of enchant weapon for 112 gold pieces
 47367 | Elf:3    | Bought 3 scrolls of enchant armour for 337 gold pieces
 47367 | Elf:3    | Bought a scroll of blinking for 112 gold pieces
 47789 | Vaults:1 | Entered Level 1 of the Vaults
 47850 | Vaults:1 | Found a flickering gateway to a bazaar.
 47859 | Bazaar   | Entered a bazaar
 47967 | Bazaar   | Found Fegopnau's Weapon Emporium.
 48019 | Bazaar   | Found Baed's Distillery.
 48028 | Bazaar   | Bought a potion of magic for 72 gold pieces
 48028 | Bazaar   | Bought a potion of curing for 27 gold pieces
 48028 | Bazaar   | Bought a potion of heal wounds for 45 gold pieces
 48028 | Bazaar   | Bought 2 potions of haste for 180 gold pieces
 48028 | Bazaar   | Bought a potion of curing for 27 gold pieces
 48060 | Bazaar   | Found Cawkom's General Store.
 48069 | Bazaar   | Bought a scroll of fear for 68 gold pieces
 48069 | Bazaar   | Bought a scroll of teleportation for 51 gold pieces
 48147 | Bazaar   | Bought a potion of brilliance for 36 gold pieces
 48305 | Vaults:1 | Paralysed by a formless jellyfish for 1 turns
 48500 | Vaults:1 | Reached skill level 1 in Transmutations
 48950 | Vaults:1 | Received a gift from Okawaru
 50059 | Vaults:2 | Received a gift from Okawaru
 50116 | Vaults:2 | Reached XP level 22. HP: 129/164 MP: 34/34
 50203 | Vaults:2 | Got a quavering book
 50615 | Vaults:2 | Received a gift from Okawaru
 50892 | Vaults:3 | Found a staircase to the Crypt.
 50892 | Vaults:3 | Found a basalt altar of Yredelemnul.
 50893 | Vaults:3 | Found an ancient bone altar of Kikubaaqudgha.
 51354 | Vaults:4 | Found Iwijuaw's Antique Armour Emporium.
 51447 | Vaults:4 | Noticed Margery
 51485 | Vaults:4 | Killed Margery
 51586 | Vaults:4 | Received a gift from Okawaru
 51587 | Vaults:4 | Reached skill level 10 in Stealth
 52011 | Vaults:4 | Noticed Norris
 52046 | Vaults:4 | Killed Norris
 52506 | Vaults:4 | Learned a level 4 spell: Passage of Golubria
 52528 | Vaults:5 | Entered Level 5 of the Vaults
 52558 | Vaults:4 | Reached skill level 15 in Invocations
 52728 | Crypt:1  | Entered Level 1 of the Crypt
 52910 | Crypt:1  | Received a gift from Okawaru
 53029 | Crypt:1  | Reached skill level 1 in Translocations
 53539 | Crypt:1  | Reached XP level 23. HP: 143/172 MP: 35/35
 53608 | Crypt:1  | Received a gift from Okawaru
 54868 | Crypt:2  | Reached skill level 5 in Evocations
 54900 | Crypt:2  | Reached skill level 10 in Necromancy
 54914 | Crypt:2  | Reached skill level 5 in Earth Magic
 55086 | Crypt:2  | Identified the +1 spear of Proximity {freeze, *Noise rCorr
                  | Dex+2}
 55173 | Crypt:2  | Received a gift from Okawaru
 55227 | Crypt:2  | Got a levitating book
 56082 | Crypt:3  | Entered Level 3 of the Crypt
 56413 | D:10     | Killed jejorda2's ghost
 56417 | D:10     | Killed DocEon's ghost
 56420 | D:10     | Killed Jingleheimer's ghost
 56438 | D:10     | Learned a level 3 spell: Ozocubu's Armour
 56653 | D:12     | Reached skill level 5 in Transmutations
 57274 | Vaults:5 | Reached skill level 1 in Ice Magic
 57274 | Vaults:5 | Received a gift from Okawaru
 57288 | Vaults:5 | Reached skill level 15 in Dodging
 57555 | Vaults:5 | Noticed a golden dragon
 57580 | Vaults:5 | Killed a golden dragon
 57921 | Vaults:5 | Reached XP level 24. HP: 171/180 MP: 32/36
 57923 | Vaults:5 | Noticed a dread lich
 57933 | Vaults:5 | Identified the +5 chain mail "Bitaerchy" {Fly rN+ Dex+4}
 57938 | Vaults:5 | Killed a dread lich
 57969 | Vaults:5 | Received a gift from Okawaru
 57970 | Vaults:5 | Identified the ring of Hutiab {rPois EV+5 Dex+9 Slay-2
                  | Stlth-}
 57971 | Vaults:5 | Noticed a dread lich
 57979 | Vaults:5 | Killed a dread lich
 58249 | Vaults:5 | Received a gift from Okawaru
 58516 | Vaults:5 | Noticed Saint Roka
 58542 | Vaults:5 | Received a gift from Okawaru
 58544 | Vaults:5 | Killed Saint Roka
 58573 | Vaults:5 | Noticed a dread lich
 58587 | Vaults:5 | Killed a dread lich
 58895 | Vaults:5 | Got a silver rune of Zot
 59199 | Vaults:5 | Identified the +0 ring mail of Ejec {rPois Str+4 Int+2
                  | Dex+2}
 59200 | Vaults:5 | Identified the +7 whip "Hohit" {freeze, Dex-4 SInv Stlth+}
 59811 | Orc:2    | Bought a potion of curing for 33 gold pieces
 59859 | Orc:1    | Bought a scroll of teleportation for 45 gold pieces
 60275 | Crypt:3  | Received a gift from Okawaru
 60615 | Crypt:3  | Reached skill level 5 in Translocations
 61335 | Crypt:3  | Reached XP level 25. HP: 185/189 MP: 34/36
 61587 | Crypt:3  | Found an ancient bone altar of Kikubaaqudgha.
 61595 | Crypt:3  | Reached skill level 10 in Spellcasting
 61604 | Crypt:3  | Noticed an ancient lich
 61616 | Crypt:3  | Killed an ancient lich
 61622 | Crypt:3  | Noticed a dread lich
 61638 | Crypt:3  | Killed a dread lich
 61664 | Crypt:3  | Received a gift from Okawaru
 61674 | Crypt:3  | Got a rare book
 61681 | Crypt:3  | Learned a level 5 spell: Agony
 62050 | Crypt:3  | Found a staircase to the Tomb.
 62658 | Vaults:3 | Killed from afar by a war gargoyle

Illustrated notes

Levels and vault maps discovered:
D:1:      lightli_arrival_quake, layout_loops_ring,
          dilly_ecumenical_altar_fadedgnrine
D:2:      layout_basic
D:3:      layout_rooms, nicolae_overflow_two_pavilions, uniq_sigmund,
          uniq_robin, uniq_terence
D:4:      layout_loops_ring
D:5:      layout_basic, mainiacjoe_overflow_paths, lemuel_tele_altar,
          serial_shops, nicolae_inconvenience_store, nicolae_shop_tiny_glass,
          nicolae_eternal_life, grunt_ministairs_7, st_stairs_10, uniq_edmund
D:6:      layout_cave_pools, mainiacjoe_overflow_surrounded_room,
          nicolae_qazlal_beasts_of_the_sky, serial_co_window_serial,
          co_window_of_opportunity_a, co_window_corner_a, co_window_corner_a,
          co_window_paths_a, co_window_paths_b, co_window_paths_a,
          co_window_paths_a, co_window_of_opportunity_c, co_window_broadway_a,
          co_window_broadway_a, co_window_of_opportunity_b,
          co_window_unsneaky_path_d, co_window_corner_ca,
          co_window_of_opportunity_c, nicolae_custom_books
D:7:      layout_rooms, lemuel_round_altar, minmay_temple_entry_waves,
          nicolae_hexahallways, uniq_pikel
D:8:      layout_basic
D:9:      minmay_general_purpose_star, layout_gridville, serial_shops,
          nicolae_book_shop_shelving, uniq_maurice
D:10:     layout_loops_cross, erik_lair_island, zombieorc2_lemuel,
          gammafunk_ghost_cemetery, uniq_lodul
D:11:     layout_loops_cross, uniq_snorg, uniq_erica, uniq_grum, uniq_josephine
D:12:     layout_rooms, hangedman_incinerator
D:13:     minmay_crescents, layout_loops_corners, grunt_vaults_entry_fortified,
          serial_shops, nicolae_shop_statue_plus, hellmonk_guarded_unrand_vines
D:14:     layout_roguey, okawaru_ov_weapons_minmay, gammafunk_ghost_door_vault,
          eino_tiny_chamber
D:15:     gammafunk_depths_entry_grave, layout_irregular_city, minivault_25,
          serial_shops, nicolae_shop_waterfront, uniq_azrael
Lair:1:   layout_gridlike
Lair:2:   layout_small_grid, nicolae_spider_entry_non_spiders, serial_bayou,
          serial_bayou_lake_a, serial_bayou_pond_d, serial_bayou_pond_b,
          serial_bayou_shore_b, gauntlet_entry_generic
Lair:3:   regret_index_wax_grids, layout_hall_layers,
          nicolae_shoals_entry_flooding, cheibrodos_lair_caveside_slide,
          chequers_serial_rivers_marsh, small_statue_intersection
Lair:4:   layout_hall_layers, slime_entry_1, infiniplex_staircase_pool
Lair:5:   hellmonk_lair_end_abyssal_woods, layout_regular_city,
          portal_ice_cave_entry_ice_simulacra, grunt_megastairs_3,
          lemuel_fruit_tree, uniq_sonja
Shoals:1: layout_shoals, nicolae_shoals_c_island, uniq_nikola, uniq_kirke,
          uniq_frances
Shoals:2: layout_shoals, serial_shops, shop, uniq_ilsuiw, uniq_donald
Shoals:3: layout_shoals, uniq_roxanne
Shoals:4: shoals_end_grunt_ice, layout_shoals, nicolae_shoals_square_sea_wall,
          uniq_polyphemus
Spider:1: layout_spider_delve, hangedman_spider_tarantella_strand
Spider:2: nicolae_spider_mines_3, uniq_mlioglotl
Spider:3: layout_spider_delve, nicolae_spider_circle_web,
          nicolae_spider_wall_of_niches, uniq_jorgrun, uniq_aizul
Spider:4: johnstein_spider_rune_arachne_lair, nicolae_spider_nook
Orc:1:    layout_caves, serial_shops, nicolae_shop_back_alley_shop, shop,
          nicolae_shop_crystal
Orc:2:    st_orc_town, layout_caves, serial_shops, bzr_entry_customers, shop,
          nicolae_shop_waterfront, nicolae_shop_behind_doors
Elf:1:    nicolae_elf_arrival_no_cutting_in_line, layout_loops_corners,
          serial_shops, shop, minmay_elf_annihilation
Elf:2:    nicolae_elf_blades_crystal_corner, layout_geoelf_octagon,
          gammafunk_ghost_tricky_traps
Elf:3:    minmay_elf_hall_spiked, layout_loops_ring, serial_shops,
          nicolae_shop_rolled_up
Vaults:1: hangedman_vaults_pinch, nicolae_vaults_network_quincunx
          [nicolae_vaults_network_quincunx_subvault,
          nicolae_vaults_network_quincunx_subvault,
          nicolae_vaults_network_quincunx_subvault,
          nicolae_vaults_network_quincunx_subvault,
          nicolae_vaults_network_quincunx_subvault], nicolae_vaults_six-pack,
          nicolae_vaults_weapon_check, nicolae_vaults_storage_closets_1,
          vaults_room_grid, nicolae_vaults_network_square,
          nicolae_vaults_trapezoid_1, vaults_dpeg_spiral, nicolae_vaults_theta,
          nicolae_vaults_swerve, nicolae_vaults_ring_of_whatevers,
          nicolae_vaults_house_3, ontoclasm_vaults_hangar,
          nicolae_vaults_security_offices_4, nicolae_vaults_tetromino_T_1,
          layout_vaults_omnicross, serial_shops, bzr_entry_islet
Vaults:2: nicolae_vaults_lightning_bolt, nicolae_vaults_offset_grid_hallway_4,
          st_lines, nicolae_vaults_two_Ls, hangedman_vaults_capsules,
          hangedman_vaults_stream, vaults_standard_mumra_lines,
          vaults_dpeg_emergency_exit, grunt_vaults_hallway_long,
          hangedman_vaults_trim, v_alt_pattern_1,
          nicolae_vaults_little_squares_4, v_misc_1, v_rooms_5,
          layout_vaults_maze_bifur
Vaults:3: gammafunk_ghost_crypt, v_misc_32, dpeg_vaults_monster_box,
          vaults_room_large_hall, ontoclasm_vaults_eye,
          minmay_crypt_entry_necro_gods, nicolae_vaults_border_crossing,
          nicolae_vaults_hexular_roomagon, layout_vaults_big_room
Vaults:4: nicolae_vaults_gold_heap, nicolae_vaults_more_shelving_1, v_pattern_3,
          vaults_mumra_chevron_long, layout_vaults_quadrants, serial_shops,
          nicolae_shop_statue_plus, uniq_margery, uniq_norris
Vaults:5: uniq_saint_roka
Crypt:1:  minmay_skeleton_keep, layout_chaotic_city,
          grunt_crypt_arrival_guarded_gate, grunt_megastairs_4,
          lemuel_upstairs_altar
Crypt:2:  layout_basic, grunt_megastairs_5
Crypt:3:  quadcrypt_mu

Skill      XL: |  1  2  3  4  5  6  7  8  9 10 11 12 13 14 15 16 17 18 19 20 21 22 23 24 25 |
---------------+----------------------------------------------------------------------------+-----
Axes           | 3 5 6 7 9 11 13 15 16 18 | 18.0
Fighting       | 4 5 7 8 9 10 11 13 14 15 17 18 19 | 19.8
Invocations    | 1 2 3 4 7 8 9 10 11 12 13 14 15 16 | 16.0
Dodging        | 4 6 7 9 11 12 13 14 15 | 15.8
Shields        | 4 6 7 8 10 12 13 14 15 16 17 18 19 | 19.8
Stealth        | 3 5 7 8 9 10 11 | 11.1
Necromancy     | 2 4 5 6 7 8 9 10 11 | 11.3
Spellcasting   | 2 4 5 6 7 8 9 10 | 10.0
Throwing       | 3 5 7 9 11 12 13 14 | 14.1
Earth Magic    | 2 4 6 7 |  7.4
Evocations     | 3 4 6 7 |  7.3
Transmutations | 2 4 5 6 |  6.5
Translocations | 1 3 5 |  5.2
Ice Magic      | 1 4 |  4.4

Action                     |  1- 3 |  4- 6 |  7- 9 | 10-12 | 13-15 | 16-18 | 19-21 | 22-24 | 25-27 || total
---------------------------+-------+-------+-------+-------+-------+-------+-------+-------+-------++-------
  Melee: War axe           |    57 |    93 |   143 |   417 |   494 |       |       |       |       ||  1204
         Constrict         |    12 |    31 |    28 |    45 |   120 |   248 |   237 |   187 |    24 ||   932
         Tentacles         |    10 |    15 |    39 |    95 |   309 |   433 |   428 |   484 |    53 ||  1866
         Punch             |       |     4 |     3 |    10 |    17 |    45 |    48 |    43 |     9 ||   179
         Flail             |       |       |    20 |       |       |       |       |       |       ||    20
         Broad axe         |       |       |       |       |   502 |  1310 |  1236 |  1254 |   124 ||  4426
  Throw: Dart              |       |       |     7 |       |     9 |    18 |    24 |     2 |       ||    60
         Throwing net      |       |       |     3 |     1 |     2 |     2 |       |       |       ||     8
         Boomerang         |       |       |       |    19 |       |       |       |       |       ||    19
         Javelin           |       |       |       |       |    48 |     1 |    48 |    19 |       ||   116
   Cast: Wereblood         |       |       |       |       |       |       |    15 |    34 |     7 ||    56
         Dispel Undead     |       |       |       |       |       |       |       |   104 |       ||   104
         Borgnjor's Vile C |       |       |       |       |       |       |       |     3 |       ||     3
         Ozocubu's Armour  |       |       |       |       |       |       |       |     6 |       ||     6
         Agony             |       |       |       |       |       |       |       |       |     2 ||     2
         Passage of Golubr |       |       |       |       |       |       |       |       |     2 ||     2
 Invoke: Heroism           |       |       |     1 |     7 |    10 |    22 |    18 |    13 |     3 ||    74
         Finesse           |       |       |       |     3 |     3 |    12 |     5 |     5 |       ||    28
         Receive Armour    |       |       |       |       |     1 |       |       |       |       ||     1
         Receive Weapon    |       |       |       |       |       |     1 |       |       |       ||     1
  Evoke: Wand              |       |       |     8 |    15 |    30 |     2 |       |       |     2 ||    57
         Lightning rod     |       |       |       |       |     7 |       |       |       |       ||     7
         Phial of floods   |       |       |       |       |     2 |       |       |       |       ||     2
    Use: Scroll            |       |       |     4 |     8 |    22 |    15 |     7 |     7 |       ||    63
         Potion            |       |       |       |     4 |    11 |     2 |     3 |     7 |       ||    27
   Stab: Sleeping          |     4 |    11 |     4 |     3 |    16 |    37 |    23 |    26 |       ||   124
         Distracted        |     1 |       |       |     1 |     5 |     5 |     5 |     8 |     1 ||    26
         Held in net/web   |       |       |     1 |       |     1 |     1 |       |       |       ||     3
         Petrified         |       |       |       |       |     6 |       |       |       |       ||     6
         Petrifying        |       |       |       |       |     3 |       |       |       |       ||     3
         Paralysed         |       |       |       |       |     2 |       |       |       |     2 ||     4
         Invisible         |       |       |       |       |       |    23 |       |       |       ||    23
 Armour: Skin              |    15 |    38 |   103 |   168 |   341 |   215 |   265 |   319 |    20 ||  1484
  Dodge: Dodged            |    38 |    44 |    85 |   155 |   539 |   812 |   669 |   791 |    65 ||  3198
  Block: Buckler           |    14 |    12 |    10 |       |       |       |       |       |       ||    36
         Kite shield       |       |       |    54 |   190 |   569 |   909 |   756 |   955 |    60 ||  3493
         Reflection        |       |       |       |       |       |    27 |    65 |    35 |       ||   127

Table legend: (Time is in decaauts)
 A = Elapsed time spent in this place.
 B = Non-inter-level travel time spent in this place.
 C = Inter-level travel time spent in this place.
 D = Time resting spent in this place.
 E = Time spent auto-exploring this place.
 F = Levels seen in this place.
 G = Mean time per level.
                   A        B        C        D        E       F      G
               +--------+--------+--------+--------+--------+-----+--------+
         Total |  61443 |  54932 |   6511 |  12577 |  27313 |  46 | 1335.7 |
       Dungeon |  21929 |  18501 |   3428 |   4658 |   9432 |  15 | 1461.9 |
          Lair |   5150 |   4736 |    414 |    340 |   2924 |   5 | 1030.0 |
        Shoals |   4331 |   4120 |    211 |    482 |   2323 |   4 | 1082.8 |
   Spider Nest |   4851 |   4553 |    298 |    697 |   2551 |   4 | 1212.8 |
  Orcish Mines |   1852 |   1349 |    503 |      3 |    882 |   2 |  926.0 |
   Elven Halls |   8474 |   8048 |    426 |   4335 |   1906 |   3 | 2824.7 |
        Vaults |   7519 |   6816 |    703 |   1001 |   3961 |   5 | 1503.8 |
         Crypt |   5760 |   5235 |    525 |    974 |   2796 |   3 | 1920.0 |
         Abyss |    301 |    301 |      0 |      0 |     12 |   1 |  301.0 |
        Bazaar |    529 |    529 |      0 |      0 |    360 |   2 |  264.5 |
      Ice Cave |     99 |     99 |      0 |      7 |     17 |   1 |   99.0 |
      Gauntlet |    642 |    642 |      0 |     77 |    149 |   1 |  642.0 |
               +--------+--------+--------+--------+--------+-----+--------+

Top non-repeatable levels by time:
   Elf:3: 5593 daAuts
    D:13: 3241 daAuts
 Crypt:1: 2312 daAuts
 Crypt:3: 2198 daAuts
Vaults:5: 2188 daAuts
    D:10: 2113 daAuts
Spider:4: 2056 daAuts
     D:8: 2007 daAuts
     D:5: 1846 daAuts
Vaults:4: 1760 daAuts
     D:6: 1634 daAuts
   Elf:2: 1546 daAuts
Vaults:1: 1505 daAuts
    D:12: 1502 daAuts
     D:9: 1469 daAuts
